 Dungeon Crawl Stone Soup version 0.20.1-1-g8b1a95d (webtiles) character file.

395965 Monsterracer the Slayer (level 23, -3/221 HPs)
             Began as a Barachi Fighter on Aug 6, 2017.
             Was the Champion of Ru.
             Slain by a deep troll earth mage (11 damage)
             ... on level 1 of the Depths on Aug 7, 2017.
             The game lasted 02:15:04 (49609 turns).

Monsterracer the Slayer (Barachi Fighter)          Turns: 49609, Time: 02:15:05

Health: -3/221     AC: 42    Str: 26    XL:     23   Next: 20%
Magic:  23/23      EV: 15    Int: 14    God:    Ru [******]
Gold:   1451       SH:  0    Dex: 16    Spells: 14/22 levels left

rFire    . . .     SeeInvis +   b - +3 scimitar (flame)
rCold    + . .     Gourm    .   Q - +0 large shield
rNeg     . . .     Faith    .   L - +8 plate armour of Shielding {rF+ Dex+4 Slay-3 SInv}
rPois    .         Spirit   .   k - +2 helmet
rElec    .         Reflect  .   n - +2 cloak
rCorr    .         Harm     .   F - +1 pair of gloves
MR       +++..                  u - +2 pair of boots
Stlth    ..........             E - amulet of regeneration
Regen    0.9/turn               V - ring of protection from magic
MPRegen  0.2/turn               N - ring "Pyluuh" {rF- rC+ MR+ Int+4 SInv}

@: confused, no potions, can't hop, drained, slow
A: +LOS, swims, talons 1, rugged brown scales 1, dopey 1, slowness 1, strong 1,
inability to drink while threatened, inability to use devices, no earth magic,
no translocations magic, no transmutations magic, disrupted magic 1, missing an
eye, strong legs 2
}: 2/15 runes: decaying, gossamer
a: Hop, Draw Out Power, Power Leap, Apocalypse, Renounce Religion


You were on level 1 of the Depths.
You worshipped Ru.
Ru was exalted by your worship.
You were not hungry.

You visited 8 branches of the dungeon, and saw 38 of its levels.
You visited the Abyss 3 times.
You also visited: Bailey.

You collected 4152 gold pieces.
You spent 2701 gold pieces at shops.

Inventory:

Hand Weapons
 a - a +0 demon blade of draining
 b - a +3 scimitar of flaming (weapon)
Missiles
 O - 73 tomahawks of returning (quivered)
Armour
 k - a +2 helmet (worn)
 n - a +2 cloak (worn)
 u - a +2 pair of boots (worn)
 F - a +1 pair of gloves (worn)
 H - a scarf of resistance
 L - the +8 plate armour of Shielding (worn) {rF+ Dex+4 Slay-3 SInv}
   (You bought it in a shop on level 11 of the Dungeon)

   It affects your dexterity (+4).
   It affects your accuracy and damage with ranged weapons and melee attacks
   (-3).
   It protects you from fire.
   It lets you see invisible.
 Q - a +0 large shield (worn)
 U - a +2 plate armour of magic resistance
Jewellery
 c - a cursed -3 ring of slaying {unknown}
 o - an uncursed ring of poison resistance
 E - an amulet of regeneration (around neck)
 J - an uncursed ring of resist corrosion
 N - the ring "Pyluuh" (right hand) {rF- rC+ MR+ Int+4 SInv}
   (You found it on level 6 of the Lair of Beasts)

   [ring of protection from cold]

   It affects your intelligence (+4).
   It makes you vulnerable to fire.
   It protects you from cold.
   It affects your resistance to hostile enchantments.
   It lets you see invisible.
 S - an uncursed ring of protection from fire
 T - the macabre finger necklace {rN+}
   (You found it on level 2 of the Vaults)

   [amulet of nothing]

   It protects you from negative energy.
 V - a ring of protection from magic (left hand)
Scrolls
 d - 11 scrolls of teleportation
 e - 12 scrolls of magic mapping
 i - 22 scrolls of identify
 l - 15 scrolls of remove curse
 w - 7 scrolls of amnesia
 y - 3 scrolls of enchant weapon
 C - 4 scrolls of blinking
 D - 5 scrolls of fear
 M - 2 scrolls of fog
 R - 2 scrolls of summoning
Potions
 j - 16 potions of curing
 p - 2 potions of resistance
 q - 2 potions of agility
 r - 6 potions of magic
 s - 3 potions of mutation
 t - 2 potions of invisibility
 x - 9 potions of heal wounds
 z - 6 potions of cancellation
 A - 4 potions of flight
 B - 10 potions of haste
 G - 3 potions of brilliance
 I - 6 potions of might
 K - 3 potions of berserk rage
Comestibles
 f - 25 bread rations
 g - 9 royal jellies
 h - 40 fruits
 m - 21 meat rations
 P - a chunk of flesh


   Skills:
 * Level 25.9(25.3) Fighting
 + Level 19.9(19.4) Long Blades
 + Level 20.0(19.5) Armour
 - Level 15.0(14.5) Dodging
 + Level 15.8(15.3) Shields


You had 14 spell levels left.
You knew the following spells:

 Your Spells              Type           Power        Failure   Level  Hunger
b - Deflect Missiles      Chrm/Air       #.........   100%        6    #######
c - Swiftness             Chrm/Air       #.......     100%        2    ###....


Dungeon Overview and Level Annotations

Branches:
Dungeon (15/15)            Temple (1/1) D:7            Lair (6/6) D:10
  Swamp (4/4) Lair:3       Spider (4/4) Lair:4        Slime (0/5) Lair:5
    Orc (2/2) D:9             Elf (0/3) Orc:2        Vaults (4/5) D:14
  Crypt (0/3) Vaults:2     Depths (2/5) D:15

Altars:
Ashenzari
Cheibriados
Dithmenos
Elyvilon
Fedhas
Gozag
Hepliaklqana
Kikubaaqudgha
Makhleb
Nemelex Xobeh
Okawaru
Qazlal
Ru
Sif Muna
Trog
Uskayaw
Vehumet
Xom
Yredelemnul
Zin
The Shining One

Shops:
D:5 **   D:6 (   D:7 !   D:11 [   D:13 !   Orc:2 [:!!   Vaults:1 }
Depths:1 }=}

Portals:
Hell: Depths:1
Abyss: Depths:1
Pandemonium: Orc:2
Trove: D:11 (give 6 potions of agility)

Annotations:
Lair:1 Sonja
Depths:2 Mesmaeker13's ghost, adept TrMo


Innate Abilities, Weirdness & Mutations

Shadows flee at your approach. (+LOS)
You can swim through water.
You are dopey. (Int -2)
You cover ground slowly.
You cannot drink potions while threatened.
You cannot study or use magical devices.
You cannot study or cast Earth magic.
You cannot study or cast Translocations magic.
You cannot study or cast Transmutations magic.
Your casting is slightly disrupted.
You are missing an eye, making it more difficult to aim.
You can hop longer distances.
You have sharp toenails.
You are partially covered in rugged brown scales. (AC +1, +3% HP)
Your muscles are strong. (Str +2)


Message History

The deep troll barely misses you.
The deep troll earth mage begins to cast a spell, but is stunned by your will!
Huge Dmg: -13%(-28hp) hp: 11%(23hp)
You bump into the rock wall.
The deep troll bites you but does no damage.
The deep troll claws you but does no damage. x2
You bump into the rock wall.
The deep troll is no longer moving quickly.
The deep troll no longer looks unusually strong.
The deep troll bites you but does no damage.
The deep troll claws you but does no damage.
The deep troll claws you.
* * * LOW HITPOINT WARNING * * *
The deep troll earth mage points next to you and mumbles some strange words.
Some rock shatters into small pieces.
Damage: -0%(-1hp) hp: 13%(27hp)
The deep troll earth mage bites you!!
* * * LOW HITPOINT WARNING * * *
The deep troll earth mage claws you!
You die...

## #.# #.# #.#
############ ##.#
........#..#### #..#
........#.....###..#
........#......#..#
..§§....#.....TT@##
≈§≈≈....#......T.......#
§§≈.....#.....##########
≈≈≈§....#.##.####
§≈≈≈.'###.#..##.##
≈≈≈..............#
≈≈.<.............#
≈§§..............#
≈§§............T.#


You could see a deep troll, a deep troll earth mage and a deep troll shaman.

Vanquished Creatures
  Mara (Spider:3)
  Mennas (Vaults:4)
  Bai Suzhen (Vaults:3)
  A bone dragon (Abyss:2)
  2 liches
  A sphinx (Vaults:2)
  A kraken (Abyss:4)
  4 thorn hunters
  Agnes (Spider:1)
  Kirke (D:12)
  A storm dragon (Vaults:4)
  A ghost moth (shapeshifter) (Vaults:2)
  2 fire giants (Depths:1)
  2 frost giants
  4 emperor scorpions
  A balrug (Depths:1)
  3 deep elf sorcerers
  2 orc warlords (Depths:1)
  4 ghost moths (Spider:4)
  8 vault wardens
  A ghoul (Vaults:4)
  14 stone giants
  15 ironheart preservers
  13 very ugly things
  2 entropy weavers
  A vampire knight (Depths:1)
  Azrael (D:12)
  2 ettins
  14 slime creatures
  2 spark wasps (Spider:4)
  7 fire dragons
  A jiangshi (Abyss:4)
  A rakshasa (Vaults:1)
  A great orb of eyes (Vaults:3)
  Harold (D:11)
  Josephine (Spider:1)
  Erolcha (D:11)
  7 yaktaur captains
  19 hydras
  3 ice dragons
  2 ghost crabs
  A spriggan air mage (Depths:1)
  3 vault guards
  3 centaur warriors
  2 catoblepae
  33 two-headed ogres
  12 alligators
  3 death knights
  Erica (D:8)
  9 ogre magi
  4 deep troll shamans
  2 vampire magi (Depths:1)
  The ghost of Enish the Blocker, a novice BaWr of Dithmenos (Bailey)
  9 tengu warriors
  13 death yaks
  7 orc high priests
  2 deep troll earth magi
  3 thrashing horrors (Abyss:2)
  9 spriggans
  2 wretched stars (Abyss:2)
  8 deep elf knights
  6 skeletal warriors
  2 sun demons (Depths:1)
  2 shadow wraiths
  A fire crab (Abyss:4)
  5 hell knights (Vaults:4)
  A fire crab (shapeshifter) (Vaults:2)
  5 iron trolls (Depths:1)
  2 unseen horrors (shapeshifter)
  An infernal demonspawn (Orc:2)
  4 spriggan druids
  A gelid demonspawn (Orc:2)
  32 deep trolls
  A glowing orange brain (Depths:1)
  4 shambling mangroves
  3 large abominations
  3 wizards
  15 starcursed masses
  A torturous demonspawn (Orc:2)
  10 swamp dragons
  15 deep elf archers
  11 ironbrand convokers
  2 necromancers
  2 phantasmal warriors
  A lindwurm (Swamp:4)
  4 harpies (Vaults:3)
  19 orb spiders
  17 orc knights
  22 ugly things
  14 deep elf magi
  A frost giant zombie (Abyss:2)
  9 orc sorcerers
  27 wolf spiders
  9 cyclopes
  A worldbinder (Abyss:3)
  4 manticores
  2 human zombies
  An apocalypse crab (Abyss:2)
  14 elephants
  3 moths of wrath
  A human skeleton (Vaults:1)
  11 vault sentinels
  2 gargoyles (D:13)
  A guardian serpent (D:11)
  4 torpor snails
  An orc zombie (Vaults:3)
  3 black mambas (Lair:4)
  An orange demon (Abyss:2)
  2 smoke demons
  A frost giant skeleton (Vaults:3)
  Psyche (D:11)
  33 spiny frogs
  36 yaktaurs
  An efreet (D:13)
  6 freezing wraiths
  7 komodo dragons
  13 demonic crawlers
  A redback zombie (D:14)
  A rime drake (Lair:2)
  A hellwing (Orc:2)
  4 ancient zymes
  A tyrant leech (shapeshifter) (Vaults:1)
  2 tengu conjurers (D:15)
  7 trolls
  The ghost of polve the Ruffian, an amateur DrTm (D:3)
  6 meliai
  A red devil (Orc:2)
  3 polar bears
  17 hornets
  29 jumping spiders
  10 tyrant leeches
  Grinder (D:6)
  42 blink frogs
  4 raiju (Abyss:2)
  8 bog bodies
  5 dream sheep
  20 hippogriffs
  A meliai zombie (D:14)
  A vampire (D:12)
  A ynoxinul (Abyss:4)
  60 redbacks
  4 shadows
  23 tarantellas
  11 wraiths
  A tarantella (shapeshifter) (Vaults:2)
  A wyvern (D:14)
  2 fire elementals
  2 basilisks
  34 yaks
  A yaktaur simulacrum (Vaults:3)
  3 chaos spawn (Orc:2)
  A golden eye (shapeshifter) (D:13)
  26 vampire mosquitoes
  3 hungry ghosts
  18 insubstantial wisps
  4 wargs
  An acid dragon (shapeshifter) (Depths:1)
  19 swamp worms
  6 hell hounds
  9 water moccasins
  Purgy (D:4)
  An acid dragon (D:12)
  8 porcupines
  2 ice beasts
  41 orc warriors
  9 swamp drakes
  6 sky beasts
  A black bear (D:13)
  A necrophage (D:12)
  20 ogres
  A phantom (D:10)
  17 wolves
  16 centaurs
  8 crocodiles
  2 big kobolds
  23 bullfrogs
  An ogre simulacrum (Vaults:1)
  An earth elemental (Abyss:4)
  A yaktaur skeleton (Vaults:1)
  8 scorpions
  2 wyvern skeletons (D:9)
  6 killer bees (D:10)
  8 wights
  2 howler monkeys (D:13)
  7 electric eels
  4 crimson imps
  2 human simulacra
  5 centaur zombies
  A bullfrog zombie (D:5)
  8 jellies
  4 quasits
  Crazy Yiuf (D:2)
  4 centaur skeletons
  8 hounds
  29 orc priests
  22 orc wizards
  2 bullfrog skeletons
  5 iguanas
  Ijyb (D:4)
  2 hell rats (D:10)
  6 worker ants
  5 small abominations
  2 hound zombies
  A hound skeleton (D:5)
  2 worker ant zombies
  Robin (D:2)
  3 howler monkey skeletons
  13 gnolls (Bailey)
  12 adders
  An ufetubus (Abyss:2)
  5 oozes
  2 adder skeletons
  2 worms
  2 dart slugs
  6 leopard geckos
  105 orcs
  3 bats (D:3)
  5 giant cockroaches
  19 hobgoblins
  9 jackals
  7 quokkas
  2 ball pythons
  4 frilled lizards
  20 goblins
  22 kobolds
  10 rats
  23 briar patches (Swamp:4)
  3 tentacles (Abyss:4)
1661 creatures vanquished.

Vanquished Creatures (collateral kills)
  A soul eater (Abyss:4)
  A small abomination (Abyss:4)
  A chaos spawn (Abyss:4)
3 creatures vanquished.

Vanquished Creatures (others)
  An ironheart preserver (Vaults:4)
  2 ettins (Depths:1)
  A merfolk impaler (Depths:1)
  An ogre mage (Vaults:4)
  A yaktaur captain (Vaults:4)
  3 two-headed ogres
  A deep troll shaman (Depths:2)
  A deep troll earth mage (Vaults:4)
  A thrashing horror (Abyss:4)
  An iron troll (Depths:1)
  4 deep trolls
  A spriggan druid (Swamp:4)
  A deep elf archer (Vaults:4)
  2 lindwurms (Swamp:4)
  2 ironbrand convokers
  An orc knight (Vaults:1)
  A deep elf mage (Vaults:3)
  A necromancer (Vaults:3)
  4 slime creatures
  A yaktaur (Vaults:1)
  A tengu conjurer (D:14)
  5 jumping spiders
  A merfolk (shapeshifter) (Vaults:2)
  2 hornets (Swamp:4)
  2 tarantellas
  A redback (Spider:4)
  2 humans
  A vampire mosquito (Swamp:4)
  A swamp worm (Swamp:4)
  An orc warrior (Orc:2)
  5 ogres
  A crocodile (Lair:6)
  A wight (D:11)
  A howler monkey (D:13)
  2 starcursed masses (Abyss:4)
  A jelly (D:11)
  2 orc priests
  An orc wizard (Vaults:4)
  4 orcs
  A kobold (D:11)
  18 fungi
  48 plants
  17 tentacles (Abyss:4)
150 creatures vanquished.

Grand Total: 1814 creatures vanquished

Notes
Turn   | Place    | Note
-------+----------+-------------------------------------------
     0 | D:1      | Monsterracer the Barachi Fighter began the quest for the Orb.
     0 | D:1      | Reached XP level 1. HP: 18/18 MP: 1/1
   296 | D:1      | Reached XP level 2. HP: 24/24 MP: 2/2
   691 | D:1      | Reached XP level 3. HP: 29/29 MP: 3/3
   767 | D:1      | HP: 14/29 [jackal (1)]
   774 | D:1      | HP: 13/29 [leopard gecko (1)]
  1007 | D:1      | HP: 9/29 [worm (6)]
  1344 | D:2      | HP: 14/29 [poisoned by an adder]
  1352 | D:2      | HP: 13/29 [poisoned by an adder]
  1566 | D:2      | Found a runed door.
  1677 | D:2      | Reached skill level 5 in Long Blades
  1700 | D:2      | Reached XP level 4. HP: 32/36 MP: 4/4
  1705 | D:2      | Noticed Robin
  1717 | D:2      | Killed Robin
  1840 | D:2      | HP: 18/36 [poisoned by an adder]
  1847 | D:2      | HP: 14/36 [poisoned by an adder]
  2174 | D:2      | Reached XP level 5. HP: 34/42 MP: 5/5
  2480 | D:2      | Noticed Crazy Yiuf
  2485 | D:2      | HP: 21/42 [Crazy Yiuf/quarterstaff of chaos (1)]
  2490 | D:2      | HP: 17/42 [Crazy Yiuf/quarterstaff of chaos (3)]
  2491 | D:2      | HP: 7/42 [Crazy Yiuf/quarterstaff of chaos (4)]
  2496 | D:2      | Killed Crazy Yiuf
  3132 | D:3      | Reached skill level 4 in Fighting
  3132 | D:3      | Reached skill level 1 in Dodging
  3132 | D:3      | Reached XP level 6. HP: 29/48 MP: 6/6
  3376 | D:3      | Noticed polve's ghost (amateur DrTm)
  3572 | D:3      | HP: 21/48 [polve's ghost (4)]
  3578 | D:3      | HP: 20/48 [polve's ghost (2)]
  3584 | D:3      | Killed polve's ghost
  3584 | D:3      | Reached XP level 7. HP: 25/55 MP: 7/7
  4540 | D:4      | Noticed Purgy
  4576 | D:4      | Killed Purgy
  4775 | D:3      | HP: 26/55 [orc wizard/magic dart (3)]
  5051 | D:4      | Reached skill level 5 in Fighting
  5079 | D:4      | Noticed Ijyb
  5080 | D:4      | Paralysed by Ijyb for 7 turns
  5089 | D:4      | Paralysed by Ijyb for 3 turns
  5093 | D:4      | Killed Ijyb
  5338 | D:4      | Got a shimmering scale mail
  5349 | D:4      | Identified the +3 scale mail "Xumoh" {Str+2} (You found it on level 4 of the Dungeon)
  5424 | D:4      | Reached skill level 5 in Armour
  5424 | D:4      | Reached XP level 8. HP: 59/62 MP: 8/8
  5636 | D:5      | Entered Level 5 of the Dungeon
  5674 | D:5      | Found Mamaabla's Assorted Antiques.
  5695 | D:5      | Bought a blue potion for 27 gold pieces
  6295 | D:5      | Reached skill level 5 in Shields
  6350 | D:5      | Found Arid's General Store.
  6500 | D:6      | Reached skill level 6 in Fighting
  6585 | D:6      | Noticed Grinder
  6586 | D:6      | Found Ynin's Weapon Boutique.
  6588 | D:6      | Paralysed by Grinder for 4 turns
  6641 | D:6      | Paralysed by Grinder for 3 turns
  6649 | D:6      | Paralysed by Grinder for 2 turns
  6653 | D:6      | Killed Grinder
  7055 | D:7      | Found a staircase to the Ecumenical Temple.
  7062 | Temple   | Entered the Ecumenical Temple
  7124 | Temple   | Became a worshipper of Ru the Awakened
  7172 | D:7      | Reached XP level 9. HP: 65/71 MP: 9/9
  7188 | D:7      | Found Keunynlo's Distillery.
  7194 | D:7      | Bought a potion of heal wounds for 55 gold pieces
  7941 | D:8      | Noticed Erica
  8188 | D:8      | Noticed a two-headed ogre
  8314 | D:8      | Reached skill level 7 in Fighting
  8314 | D:8      | Reached skill level 5 in Dodging
  8411 | D:8      | Reached skill level 10 in Long Blades
  8422 | D:8      | Killed Erica
  8691 | D:8      | Killed a two-headed ogre
  8691 | D:8      | Reached XP level 10. HP: 76/80 MP: 10/10
  8921 | D:8      | Gained mutation: You cannot drink potions while threatened. [Ru sacrifice]
  8921 | D:8      | Reached * piety under Ru
  8924 | D:8      | Noticed a manticore
  8935 | D:8      | Killed a manticore
  9393 | D:8      | Got a twisted long sword
  9394 | D:8      | Identified the +11 long sword "Giantbane" {drain, Str+3} (You found it on level 8 of the Dungeon)
  9614 | D:9      | Reached skill level 8 in Fighting
 10326 | D:9      | Gained mutation: You are partially covered in yellow scales. (AC +2) [mutagenic meat]
 10327 | D:9      | Gained mutation: You are robust. (+10% HP) [mutagenic meat]
 10437 | D:9      | Found a staircase to the Orcish Mines.
 10515 | D:10     | Entered Level 10 of the Dungeon
 10530 | D:10     | Noticed a death yak
 10550 | D:10     | Killed a death yak
 10550 | D:10     | Reached XP level 11. HP: 95/95 MP: 11/11
 10556 | D:10     | Found a staircase to the Lair.
 10556 | D:10     | Noticed a death yak
 10556 | D:10     | Noticed a death yak
 10569 | D:10     | Killed a death yak
 10574 | D:10     | Killed a death yak
 10574 | D:10     | Reached skill level 9 in Fighting
 10710 | D:10     | Noticed a skeletal warrior
 10722 | D:10     | Noticed a death knight
 10728 | D:10     | Noticed a phantasmal warrior
 10738 | D:10     | HP: 44/97 [phantasmal warrior[a death knight] (26)]
 10816 | D:9      | HP: 48/97 [acid (5)]
 11109 | D:10     | Learned a level 2 spell: Blink
 11282 | D:10     | HP: 46/97 [??? (44)]
 11283 | Lair:1   | Entered Level 1 of the Lair of Beasts
 11289 | Lair:1   | HP: 45/97 [hippogriff (3)]
 11840 | Lair:2   | Gained mutation: You cannot study or use magical devices. [Ru sacrifice]
 11840 | Lair:2   | Reached ** piety under Ru
 11840 | Lair:2   | Reached *** piety under Ru
 11866 | Lair:2   | Reached skill level 10 in Fighting
 12278 | Lair:2   | Found a radiant altar of Vehumet.
 12507 | Lair:2   | Noticed Sonja
 12518 | Lair:2   | HP: 49/100 [polar bear (7)]
 12523 | Lair:2   | HP: 42/101 [poisoned by Sonja]
 12528 | Lair:2   | HP: 36/101 [poisoned by Sonja]
 12533 | Lair:2   | HP: 34/101 [poisoned by Sonja]
 12538 | Lair:2   | HP: 32/101 [poisoned by Sonja]
 12545 | Lair:2   | HP: 32/101 [poisoned by Sonja]
 12888 | Lair:1   | HP: 50/101 [poisoned by Sonja]
 12893 | Lair:1   | HP: 48/101 [poisoned by Sonja]
 12898 | Lair:1   | HP: 47/101 [poisoned by Sonja]
 12905 | Lair:1   | HP: 47/101 [poisoned by Sonja]
 12913 | Lair:1   | HP: 47/101 [poisoned by Sonja]
 13188 | Lair:2   | Reached XP level 12. HP: 107/107 MP: 12/12
 13345 | Lair:3   | Learned a level 6 spell: Deflect Missiles
 13646 | Lair:3   | Reached skill level 11 in Fighting
 13722 | Lair:3   | Found a staircase to the Swamp.
 14099 | Lair:3   | Noticed a catoblepas
 14113 | Lair:3   | Killed a catoblepas
 14113 | Lair:3   | Reached skill level 10 in Armour
 14506 | Lair:4   | Noticed a four-headed hydra
 14515 | Lair:4   | Killed a one-headed hydra
 14553 | Lair:4   | Found a hole to the Spider Nest.
 14562 | Lair:4   | Gained mutation: You are dopey. (Int -2) [Ru sacrifice]
 14562 | Lair:4   | Reached **** piety under Ru
 14598 | Lair:4   | Reached skill level 12 in Fighting
 14756 | Lair:4   | Noticed a five-headed hydra
 14765 | Lair:4   | Killed a one-headed hydra
 14807 | Lair:4   | Noticed a death yak
 14808 | Lair:4   | Noticed a death yak
 14808 | Lair:4   | Noticed a death yak
 14808 | Lair:4   | Noticed a death yak
 14821 | Lair:4   | Killed a death yak
 14821 | Lair:4   | Gained mutation: You can hop longer distances. [Barachi growth]
 14821 | Lair:4   | Reached XP level 13. HP: 119/119 MP: 13/13
 14827 | Lair:4   | Reached skill level 10 in Shields
 14883 | Lair:4   | Reached skill level 13 in Fighting
 15018 | Lair:4   | Reached skill level 10 in Dodging
 15916 | Lair:5   | Found a runed door.
 15934 | Lair:5   | Identified Soyr's Incunabulum of Clay and Talismans
 15939 | Lair:5   | Learned a level 2 spell: Swiftness
 15942 | Lair:5   | Learned a level 2 spell: Passwall
 15990 | Lair:5   | Found a staircase to the Slime Pits.
 16188 | Lair:6   | Entered Level 6 of the Lair of Beasts
 16378 | Lair:5   | Reached skill level 14 in Fighting
 16502 | Lair:6   | Reached XP level 14. HP: 115/133 MP: 14/14
 16522 | Lair:6   | HP: 52/133 [death yak (21)]
 16529 | Lair:6   | HP: 43/133 [death yak (10)]
 16549 | Lair:6   | HP: 49/133 [blink frog (1)]
 16962 | Lair:6   | Got a fine platinum ring
 16970 | Lair:6   | Identified the ring "Pyluuh" {rF- rC+ MR+ Int+4 SInv} (You found it on level 6 of the Lair of Beasts)
 17115 | Lair:6   | Reached skill level 15 in Fighting
 18395 | D:10     | HP: 51/136 [??? (48)]
 18997 | Orc:1    | Entered Level 1 of the Orcish Mines
 19071 | Orc:1    | Found a flagged portal.
 19083 | Bailey   | Entered a bailey
 19179 | Bailey   | Noticed Enish's ghost (novice BaWr)
 19197 | Bailey   | Killed Enish's ghost
 19197 | Bailey   | Reached skill level 16 in Fighting
 19317 | Bailey   | Reached XP level 15. HP: 145/145 MP: 15/15
 19597 | Orc:2    | Entered Level 2 of the Orcish Mines
 19912 | Orc:2    | Found Ehostrayl's Distillery.
 19913 | Orc:2    | Found Vuups's Distillery.
 20018 | Orc:1    | Reached XP level 16. HP: 119/152 MP: 16/16
 20201 | Orc:2    | Bought a potion of haste for 150 gold pieces
 20201 | Orc:2    | Bought a potion of haste for 150 gold pieces
 20201 | Orc:2    | Bought a potion of heal wounds for 75 gold pieces
 20201 | Orc:2    | Bought a potion of experience for 750 gold pieces
 20201 | Orc:2    | Bought a potion of might for 60 gold pieces
 20201 | Orc:2    | Bought a potion of might for 60 gold pieces
 20201 | Orc:2    | Reached skill level 17 in Fighting
 20201 | Orc:2    | Reached XP level 17. HP: 161/161 MP: 17/17
 20219 | Orc:2    | Bought a potion of haste for 130 gold pieces
 20219 | Orc:2    | Bought a potion of heal wounds for 65 gold pieces
 20219 | Orc:2    | Bought a potion of might for 52 gold pieces
 20219 | Orc:2    | Bought a potion of berserk rage for 65 gold pieces
 20363 | Orc:2    | Found a staircase to the Elven Halls.
 20579 | Orc:2    | HP: 77/161 [orc priest/divine providence (13)]
 20585 | Orc:2    | HP: 55/161 [hellwing (1)]
 20590 | Orc:2    | HP: 30/161 [orc high priest/divine providence (8)]
 21226 | Orc:2    | Paralysed by an orc sorcerer for 6 turns
 21486 | Orc:2    | Found Leciyrie's Antique Armour Emporium.
 21486 | Orc:2    | Found a one-way gate leading to the halls of Pandemonium.
 21486 | Orc:2    | Found Ocow's Book Shoppe.
 21667 | D:11     | Found a portal to a secret trove of treasure.
 21699 | D:11     | Noticed Erolcha
 21721 | D:11     | Killed Erolcha
 21811 | D:11     | Noticed Psyche
 21815 | D:11     | Killed Psyche
 21845 | D:11     | Found Bisan's Antique Armour Emporium.
 22164 | D:11     | Gained mutation: You are missing an eye, making it more difficult to aim. [Ru sacrifice]
 22164 | D:11     | Reached ***** piety under Ru
 22304 | D:11     | Noticed Harold
 22326 | D:11     | Killed Harold
 23358 | D:13     | Reached skill level 18 in Fighting
 23371 | D:13     | Noticed Azrael
 23392 | D:12     | Killed Azrael
 24036 | D:13     | Found Nedum's Distillery.
 24096 | D:13     | Noticed Kirke
 24110 | D:12     | Killed Kirke
 24348 | D:13     | Gained mutation: Your casting is slightly disrupted. [Ru sacrifice]
 25316 | D:14     | You fall through a shaft!
 25316 | D:15     | Entered Level 15 of the Dungeon
 25461 | D:15     | Found a blossoming altar of Fedhas.
 25689 | D:15     | Found a staircase to the Depths.
 26023 | D:15     | Reached XP level 18. HP: 167/173 MP: 18/18
 26522 | D:14     | Found a gate to the Vaults.
 27145 | D:15     | Gained mutation: You cannot study or cast Earth magic. [Ru sacrifice]
 27145 | D:15     | Gained mutation: You cannot study or cast Transmutations magic. [Ru sacrifice]
 27145 | D:15     | Gained mutation: You cannot study or cast Translocations magic. [Ru sacrifice]
 27145 | D:15     | Reached ****** piety under Ru
 27494 | Swamp:1  | Entered Level 1 of the Swamp
 27515 | Swamp:1  | Reached skill level 19 in Fighting
 28054 | Swamp:1  | Reached skill level 15 in Long Blades
 28843 | Swamp:2  | Reached skill level 15 in Armour
 30256 | Swamp:4  | Entered Level 4 of the Swamp
 30958 | Swamp:4  | Reached skill level 20 in Fighting
 31112 | Swamp:4  | Reached XP level 19. HP: 176/185 MP: 19/19
 31351 | Swamp:4  | Got a decaying rune of Zot
 31707 | D:11     | Bought a scorched plate armour for 812 gold pieces
 31717 | D:11     | Identified the +8 plate armour of Shielding {rF+ Dex+4 Slay-3 SInv} (You bought it in a shop on level 11 of the Dungeon)
 31823 | Spider:1 | Entered Level 1 of the Spider Nest
 31935 | Spider:1 | Noticed Josephine
 31953 | Spider:1 | Killed Josephine
 32359 | Spider:1 | Reached skill level 15 in Shields
 32439 | Spider:1 | Noticed Agnes
 32460 | Spider:1 | Killed Agnes
 32614 | Spider:1 | HP: 90/185 [poisoned by an emperor scorpion]
 32619 | Spider:1 | HP: 79/185 [poisoned by an emperor scorpion]
 32624 | Spider:1 | HP: 56/185 [poisoned by an emperor scorpion]
 32629 | Spider:1 | HP: 50/185 [poisoned by an emperor scorpion]
 32634 | Spider:1 | HP: 45/185 [poisoned by an emperor scorpion]
 32639 | Spider:1 | HP: 43/187 [poisoned by an emperor scorpion]
 32644 | Spider:1 | HP: 44/187 [poisoned by an emperor scorpion]
 32649 | Spider:1 | HP: 45/187 [poisoned by an emperor scorpion]
 32654 | Spider:1 | HP: 47/187 [poisoned by an emperor scorpion]
 32661 | Spider:1 | HP: 50/187 [poisoned by an emperor scorpion]
 32669 | Spider:1 | HP: 55/187 [poisoned by an emperor scorpion]
 33775 | Spider:2 | HP: 88/187 [wolf spider (14)]
 33781 | Spider:2 | HP: 74/187 [wolf spider (3)]
 33786 | Spider:2 | HP: 76/187 [poisoned by a redback]
 33791 | Spider:2 | HP: 78/187 [poisoned by a redback]
 34478 | Spider:3 | Noticed Mara
 34479 | Spider:3 | Noticed Monsterracer's illusion
 34516 | Spider:3 | Killed Mara
 35145 | Spider:3 | Reached skill level 15 in Dodging
 35753 | Spider:4 | Entered Level 4 of the Spider Nest
 35798 | Spider:4 | Reached skill level 21 in Fighting
 36893 | Spider:4 | Reached XP level 20. HP: 198/198 MP: 9/20
 36910 | Spider:4 | HP: 148/297 [poisoned by an emperor scorpion]
 36915 | Spider:4 | HP: 121/297 [poisoned by an emperor scorpion]
 36920 | Spider:4 | HP: 117/297 [poisoned by an emperor scorpion]
 36925 | Spider:4 | HP: 70/198 [poisoned by an emperor scorpion]
 36930 | Spider:4 | HP: 66/198 [poisoned by an emperor scorpion]
 36935 | Spider:4 | HP: 66/198 [poisoned by an emperor scorpion]
 36941 | Spider:4 | HP: 69/198 [poisoned by an emperor scorpion]
 36947 | Spider:4 | HP: 73/198 [poisoned by an emperor scorpion]
 36952 | Spider:4 | HP: 78/198 [poisoned by an emperor scorpion]
 37109 | Spider:4 | Got a gossamer rune of Zot
 37567 | Vaults:1 | Entered Level 1 of the Vaults
 37574 | Vaults:1 | Found Fodic's Gadget Emporium.
 37985 | Vaults:1 | HP: 91/200 [orc knight/battleaxe (24)]
 38033 | Vaults:1 | HP: 98/200 [orc knight/glaive of flaming (14)]
 38238 | Vaults:2 | Reached skill level 22 in Fighting
 40046 | Vaults:2 | HP: 93/202 [ettin/dire flail (15)]
 40051 | Vaults:2 | HP: 67/202 [ettin/dire flail (8)]
 40061 | Vaults:2 | HP: 53/202 [ironheart preserver/morningstar (11)]
 40070 | Vaults:2 | HP: 50/202 [deep troll[an ironheart preserver] (9)]
 40096 | Vaults:2 | HP: 95/202 [deep troll[an ironheart preserver] (9)]
 40704 | Vaults:2 | Reached skill level 23 in Fighting
 40704 | Vaults:2 | Reached XP level 21. HP: 197/211 MP: 21/21
 41044 | Vaults:2 | Found a staircase to the Crypt.
 41044 | Vaults:2 | Found an ancient bone altar of Kikubaaqudgha.
 41045 | Vaults:2 | Found a basalt altar of Yredelemnul.
 41636 | Vaults:3 | Noticed Bai Suzhen
 41679 | Vaults:3 | HP: 105/212 [Bai Suzhen/torrent of water (43)]
 41685 | Vaults:3 | HP: 95/212 [Bai Suzhen (5)]
 41686 | Vaults:3 | Killed Bai Suzhen
 42651 | Vaults:3 | Reached skill level 24 in Fighting
 43539 | Vaults:4 | Cast into level 4 of the Abyss (the power of Zot)
 43565 | Abyss:4  | Found a corrupted altar of Lugonu.
 43801 | Abyss:4  | Noticed an ancient lich
 43864 | Abyss:4  | HP: 83/214 [ancient lich/lance of force (30)]
 43865 | Abyss:4  | HP: 26/214 [ancient lich/bolt of cold (31)]
 43869 | Abyss:4  | HP: 10/214 [ancient lich/bolt of cold (45)]
 43900 | Abyss:4  | Lost mutation: You are robust. (+10% HP) [potion of mutation]
 43900 | Abyss:4  | Lost mutation: You are partially covered in yellow scales. (AC +2) [potion of mutation]
 43900 | Abyss:4  | Gained mutation: You have an increased reservoir of magic. (+10% MP) [potion of mutation]
 43900 | Abyss:4  | Gained mutation: You tend to lose your temper in combat. [potion of mutation]
 43900 | Abyss:4  | Gained mutation: You have a pair of small horns on your head. [potion of mutation]
 43901 | Abyss:4  | Lost mutation: You tend to lose your temper in combat. [potion of mutation]
 43901 | Abyss:4  | Lost mutation: You have a pair of small horns on your head. [potion of mutation]
 43901 | Abyss:4  | Lost mutation: You have an increased reservoir of magic. (+10% MP) [potion of mutation]
 43901 | Abyss:4  | Gained mutation: You have a pair of small horns on your head. [potion of mutation]
 43901 | Abyss:4  | Gained mutation: You possess an exceptional clarity of mind. [potion of mutation]
 43901 | Abyss:4  | Gained mutation: Your spells are a little harder to cast, but a little more powerful. [potion of mutation]
 43901 | Abyss:4  | Gained mutation: You have large cloven feet. [potion of mutation]
 43902 | Abyss:4  | Lost mutation: You possess an exceptional clarity of mind. [potion of mutation]
 43902 | Abyss:4  | Lost mutation: Your spells are a little harder to cast, but a little more powerful. [potion of mutation]
 43902 | Abyss:4  | Lost mutation: You have a pair of small horns on your head. [potion of mutation]
 43902 | Abyss:4  | Gained mutation: You have a pair of small horns on your head. [potion of mutation]
 43902 | Abyss:4  | Gained mutation: Your flesh is heat resistant. (rF+) [potion of mutation]
 43930 | Abyss:4  | HP: 97/195 [jiangshi[a vampire mage] (5)]
 43937 | Abyss:4  | HP: 92/195 [jiangshi[a vampire mage] (9)]
 43942 | Abyss:4  | HP: 85/195 [jiangshi[a vampire mage] (10)]
 43948 | Abyss:4  | HP: 78/195 [jiangshi[a vampire mage] (10)]
 43959 | Abyss:4  | HP: 73/195 [tentacle[a kraken] (13)]
 43970 | Abyss:4  | HP: 66/195 [something (2)]
 43974 | Abyss:4  | HP: 31/195 [spectral stone giant[a ghost crab] (9)]
 43988 | Abyss:4  | HP: 33/195 [large abomination (11)]
 43998 | Abyss:4  | HP: 59/195 [smoke demon/divine providence (11)]
 44003 | Abyss:4  | HP: 33/195 [yellow draconian/glob of acid (10)]
 44017 | Abyss:4  | HP: 43/195 [thrashing horror (6)]
 44032 | Abyss:4  | HP: 20/195 [acid (13)]
 44085 | Abyss:4  | HP: 47/195 [shadow wraith (11)]
 44091 | Vaults:4 | Escaped the Abyss
 44091 | Vaults:4 | HP: 44/195 [redback (3)]
 44098 | Vaults:4 | HP: 45/294 [redback (11)]
 44112 | Vaults:4 | HP: 36/196 [jumping spider (5)]
 44566 | Vaults:4 | Lost mutation: Your flesh is heat resistant. (rF+) [potion of mutation]
 44566 | Vaults:4 | Lost mutation: You have a pair of small horns on your head. [potion of mutation]
 44566 | Vaults:4 | Lost mutation: You have large cloven feet. [potion of mutation]
 44566 | Vaults:4 | Gained mutation: Your magical capacity is low. (-10% MP) [potion of mutation]
 44566 | Vaults:4 | Gained mutation: Your muscles are strong. (Str +2) [potion of mutation]
 44664 | Vaults:4 | Reached XP level 22. HP: 189/204 MP: 19/19
 44676 | Vaults:4 | Cast into level 2 of the Abyss (a deep elf sorcerer)
 45004 | Abyss:2  | Paralysed by accursed screaming for 1 turns
 45081 | Vaults:4 | Escaped the Abyss
 45088 | Vaults:4 | HP: 87/204 [deep elf archer/arrow[an ironheart preserver] (17)]
 45093 | Vaults:4 | HP: 60/204 [deep elf archer/arrow[an ironheart preserver] (22)]
 45543 | Vaults:4 | Cast into level 3 of the Abyss (a deep elf sorcerer)
 45548 | Abyss:3  | Found a corrupted altar of Lugonu.
 45585 | Vaults:4 | Escaped the Abyss
 45759 | Vaults:4 | Reached skill level 25 in Fighting
 46031 | Vaults:4 | HP: 92/206 [white very ugly thing (20)]
 46036 | Vaults:4 | HP: 91/206 [poisoned by a green very ugly thing]
 46041 | Vaults:4 | HP: 91/206 [poisoned by a green very ugly thing]
 46046 | Vaults:4 | HP: 92/206 [poisoned by a green very ugly thing]
 46053 | Vaults:4 | Gained mutation: Scrolls take you a little longer to read. [mutagenic meat]
 46053 | Vaults:4 | HP: 96/206 [poisoned by a green very ugly thing]
 46054 | Vaults:4 | Gained mutation: You are frail. (-10% HP) [mutagenic meat]
 46055 | Vaults:4 | Gained mutation: You have very sharp teeth. [mutagenic meat]
 46056 | Vaults:4 | Gained mutation: You passively map a small area around you. [mutagenic meat]
 46057 | Vaults:4 | Gained mutation: Your flesh is cold resistant. (rC+) [mutagenic meat]
 46059 | Vaults:4 | Gained mutation: You have sharp toenails. [mutagenic meat]
 46060 | Vaults:4 | Gained mutation: You are somewhat resistant to further mutation. [mutagenic meat]
 46061 | Vaults:4 | Lost mutation: Your muscles are strong. (Str +2) [potion of mutation]
 46061 | Vaults:4 | Lost mutation: Scrolls take you a little longer to read. [potion of mutation]
 46061 | Vaults:4 | Lost mutation: You passively map a small area around you. [potion of mutation]
 46061 | Vaults:4 | Lost mutation: Your flesh is cold resistant. (rC+) [potion of mutation]
 46061 | Vaults:4 | Lost mutation: You have very sharp teeth. [potion of mutation]
 46062 | Vaults:4 | Lost mutation: You are frail. (-10% HP) [potion of mutation]
 46062 | Vaults:4 | Lost mutation: Your magical capacity is low. (-10% MP) [potion of mutation]
 46062 | Vaults:4 | Lost mutation: You are somewhat resistant to further mutation. [potion of mutation]
 46062 | Vaults:4 | Gained mutation: You are partially covered in rugged brown scales. (AC +1, +3% HP) [potion of mutation]
 46062 | Vaults:4 | Gained mutation: Your muscles are strong. (Str +2) [potion of mutation]
 46065 | Vaults:4 | HP: 102/212 [poisoned by a green very ugly thing]
 46202 | Vaults:4 | Noticed Mennas
 46250 | Vaults:4 | HP: 100/212 [Mennas/trishula of holy wrath (14)]
 46255 | Vaults:4 | HP: 89/212 [Mennas/trishula of holy wrath (5)]
 46257 | Vaults:4 | Killed Mennas
 47031 | Depths:1 | Entered Level 1 of the Depths
 47053 | Depths:1 | Found a one-way gate to the infinite horrors of the Abyss.
 47253 | Depths:1 | Found a gateway to Hell.
 47270 | Depths:1 | HP: 91/212 [balrug/fireball (42)]
 47623 | Depths:1 | Found Gyckuz's Gadget Boutique.
 47634 | Depths:1 | Found Lojap's Jewellery Shoppe.
 47635 | Depths:1 | Found Vihiary's Gadget Boutique.
 47648 | Depths:1 | Bought an uncursed ring of protection from magic for 250 gold pieces
 48139 | Depths:2 | Noticed Mesmaeker13's ghost (adept TrMo)
 48303 | Depths:1 | HP: 84/213 [iron troll (26)]
 48311 | Depths:1 | HP: 78/213 [iron troll (2)]
 48318 | Depths:1 | HP: 53/213 [iron troll (18)]
 48326 | Depths:1 | HP: 38/213 [two-headed ogre/giant club (14)]
 48338 | Depths:1 | HP: 48/213 [iron troll (16)]
 48346 | Depths:1 | HP: 58/213 [two-headed ogre/giant club (12)]
 48548 | Depths:1 | Reached XP level 23. HP: 180/221 MP: 23/23
 48928 | Depths:2 | HP: 110/221 [ogre mage/bolt of fire (37)]
 49534 | Depths:1 | HP: 110/221 [fire dragon/blast of flame (29)]
 49544 | Depths:1 | HP: 107/221 [fire dragon/blast of flame (9)]
 49572 | Depths:1 | HP: 110/221 [deep troll (3)]
 49581 | Depths:1 | HP: 102/221 [deep troll shaman (6)]
 49586 | Depths:1 | HP: 25/221 [deep troll (29)]
 49600 | Depths:1 | HP: 50/221 [deep troll (5)]
 49606 | Depths:1 | HP: 30/221 [deep troll (27)]
 49609 | Depths:1 | HP: 8/221 [deep troll earth mage (23)]
 49609 | Depths:1 | Slain by a deep troll earth mage

Skill      XL: |  1  2  3  4  5  6  7  8  9 10 11 12 13 14 15 16 17 18 19 20 21 22 23 |
---------------+----------------------------------------------------------------------+-----
Long Blades    | 3 4 5 6 7 8 9 11 12 13 14 15 16 17 18 19 | 19.9
Fighting       | 4 5 6 7 8 10 12 14 16 17 18 20 21 23 24 25 | 25.9
Dodging        | 1 2 3 4 6 7 8 9 10 12 13 14 15 | 15.0
Armour         | 4 5 7 8 9 10 11 13 14 15 16 17 19 20 | 20.0
Shields        | 4 5 6 7 8 9 11 12 13 14 15 | 15.8

Action                   |  1- 3 |  4- 6 |  7- 9 | 10-12 | 13-15 | 16-18 | 19-21 | 22-24 || total
-------------------------+-------+-------+-------+-------+-------+-------+-------+-------++-------
Melee: Long sword        |   130 |   159 |   435 |   400 |   669 |  1258 |       |       ||  3051
       Scimitar          |       |       |    12 |   110 |    90 |   646 |  3432 |  1312 ||  5602
       Demon blade       |       |       |       |       |       |     9 |       |       ||     9
       Unarmed           |       |       |       |       |       |     3 |       |       ||     3
       Headbutt          |       |       |       |       |       |       |    48 |       ||    48
Throw: Tomahawk          |       |       |       |       |       |       |       |     3 ||     3
Invok: Sacrifice Drink   |       |       |       |     1 |       |       |       |       ||     1
       Sacrifice Artific |       |       |       |     1 |       |       |       |       ||     1
       Sacrifice Purity  |       |       |       |     1 |       |       |       |       ||     1
       Reject Sacrifices |       |       |       |       |     1 |       |       |       ||     1
       Draw Out Power    |       |       |       |       |       |     2 |     4 |     2 ||     8
       Power Leap        |       |       |       |       |       |     2 |     6 |     5 ||    13
       Sacrifice Essence |       |       |       |       |       |     1 |       |       ||     1
       Sacrifice an Eye  |       |       |       |       |       |     1 |       |       ||     1
       Apocalypse        |       |       |       |       |       |     2 |     7 |     3 ||    12
       Sacrifice Arcana  |       |       |       |       |       |     1 |       |       ||     1
 Abil: Hop               |     1 |     2 |     4 |     2 |     1 |     2 |     3 |     2 ||    17
  Use: Potion            |       |     3 |     1 |       |     1 |     2 |    19 |     5 ||    31
       Scroll            |       |       |    23 |     6 |     4 |     4 |     8 |       ||    45
 Stab: Distracted        |       |       |       |     1 |       |     3 |    28 |     5 ||    37
       Invisible         |       |       |       |     1 |     2 |     7 |    22 |    18 ||    50
       Paralysed         |       |       |       |       |       |     2 |    25 |    28 ||    55
       Confused          |       |       |       |       |       |     2 |       |       ||     2
  Eat: Chunk             |     3 |     5 |    19 |    24 |    19 |    43 |    50 |    25 ||   188
       Fruit             |       |     1 |     1 |       |       |     1 |     1 |       ||     4
       Royal jelly       |       |       |       |       |       |       |     1 |     1 ||     2
Armor: Scale mail        |    63 |   100 |   218 |   147 |   181 |       |       |       ||   709
       Chain mail        |       |       |       |       |     9 |   654 |    10 |       ||   673
       Plate armour      |       |       |       |       |       |       |  1600 |   658 ||  2258
Dodge: Dodged            |    41 |    58 |   156 |   164 |   289 |   690 |  1599 |   685 ||  3682
Block: Shield            |    64 |    77 |   220 |   252 |   401 |   975 |  2163 |   449 ||  4601
       Large shield      |       |       |       |       |       |       |       |   671 ||   671
       Rpst.: Long sword |    12 |    20 |    40 |    34 |    54 |    87 |       |       ||   247
       Scimitar          |       |       |     1 |     4 |     6 |    57 |   291 |   111 ||   470
